 Dungeon Crawl Stone Soup version 0.27-a0-1036-g8e1b44f6bd (webtiles) character file.

Game seed: 12109239989697451407

37 Lanoc the Skirmisher (level 3, -3/25 HPs)
             Began as a Vampire Fighter on Apr 18, 2021.
             Killed by divine providence
             ... invoked by an orc priest
              (16 damage)
             ... on level 2 of the Dungeon.
             The game lasted 00:01:11 (964 turns).

Lanoc the Skirmisher (Vampire Fighter)               Turns: 964, Time: 00:01:11

Health: -3/25      AC:  6    Str: 15    XL:     3   Next: 21%
Magic:  3/3        EV:  7    Int: 10    God:
Gold:   35         SH:  8    Dex: 14    Spells: 2/2 levels left

rFire    . . .     SeeInvis +   a - +0 long sword
rCold    . . .     Faith    .   c - +0 kite shield
rNeg     . . .     Spirit   .   b - +0 scale mail
rPois    .         Reflect  .   (no helmet)
rElec    .         Harm     .   (no cloak)
rCorr    .         Rampage  .   (no gloves)
Will     .....                  (no boots)
Stlth    ..........             (no amulet)
HPRegen  0.28/turn              (no ring)
MPRegen  0.08/turn              (no ring)

@: regenerating quickly
A: alive, fangs 3, see invisible, unbreathing 1, vampiric 2, [frail 1]
a: Exsanguinate


You were on level 2 of the Dungeon.
You visited 1 branch of the dungeon, and saw 2 of its levels.

You collected 35 gold pieces.

Inventory:

Hand Weapons
 a - a +0 long sword (weapon)
Armour
 b - a +0 scale mail (worn)
 c - a +0 kite shield (worn)
Scrolls
 f - 2 scrolls of magic mapping {unknown}
 g - a scroll of brand weapon {unknown}
 h - a scroll of silence {unknown}
Potions
 d - a potion of might
 e - a potion of curing {unknown}
 i - 2 potions of ambrosia {unknown}


   Skills:
 + Level 2.9 Fighting
 * Level 2.6 Long Blades
 + Level 2.6 Armour
 + Level 1.2 Dodging
 + Level 2.9 Shields


You had 2 spell levels left.
You didn't know any spells.
Your spell library was empty.

Dungeon Overview and Level Annotations

Branches:
Dungeon (2/15)

Altars:


Innate Abilities, Weirdness & Mutations

Your natural rate of healing is unusually fast.
You have razor-sharp teeth.
You have supernaturally acute eyesight. (SInv)
You can survive without breathing.
You are afflicted with vampirism and can become a bat while bloodless.
[You are frail. (-10% HP)]


Message History

You kill the orc!
You hear a shout!
A goblin comes into view. It is wielding a +0 dagger.
Things that are here:
a +1 hand axe of electrocution; a +0 leather armour You hit the orc.
Your bite misses the orc.
The orc is severely wounded.
You block the orc's attack. The orc hits you with a +0 flail.
You hit the orc.
You kill the orc!
You block the goblin's attack. x2
Things that are here:
a +0 dagger; a poisoned dart You barely miss the goblin.
The goblin closely misses you.
You completely miss the goblin. The goblin hits you with a +0 dagger.
The goblin hits you but does no damage.
You barely miss the goblin. You bite the goblin.
The goblin is severely wounded.
The goblin hits you with a +0 dagger. You block the goblin's attack.
You barely miss the goblin.
The goblin is severely wounded.
You block the goblin's attack.
You hit the goblin.
You kill the goblin!
The orc priest miscasts a cantrip.
The orc hits you but does no damage.
You hit the orc.
The orc is lightly wounded.
The orc hits you with a +0 falchion.
You closely miss the orc.
The orc is lightly wounded.
The orc hits you with a +0 falchion. x2
Your scale mail prevents you from hitting the orc.
The orc priest casts a cantrip, but nothing happens.
You block the orc's attack.
You hit the orc but do no damage. The orc hits you with a +0 falchion.
The orc priest mumbles some strange prayers to Beogh against you.
Beogh smites you!
Ouch! That really hurt!
You die...

####### .......
....... ..<....
....... ..
...(... .
...((..#### .##
....((oo@.## ..#
#.#
#########..####.#
#.# ##...##.# #.#
###.##.# #.#
#....# #.# ####.#
#.# . #.###.#[...
#..##.#....
#####..#..#)...


You could see an orc priest and an orc.

Vanquished Creatures
  An adder (D:2)
  2 dart slugs (D:1)
  3 orcs (D:2)
  2 ball pythons (D:1)
  A bat (D:1)
  3 endoplasms (D:1)
  2 goblins
  A hobgoblin (D:1)
  4 frilled lizards (D:1)
  A kobold (D:1)
  A rat (D:2)
21 creatures vanquished.

Notes
Turn   | Place    | Note
-------+----------+-------------------------------------------
     0 | D:1      | Lanoc the Vampire Fighter began the quest for the Orb.
     0 | D:1      | Reached XP level 1. HP: 17/17 MP: 1/1
   225 | D:1      | Reached XP level 2. HP: 15/20 MP: 2/2
   551 | D:1      | Reached skill level 1 in Dodging
   894 | D:2      | Gained mutation: You are afflicted with vampirism and can
                  | become a bat while bloodless. [Vampire growth]
   894 | D:2      | Reached XP level 3. HP: 24/25 MP: 3/3
   964 | D:2      | Killed from afar by an orc priest

Illustrated notes

Levels and vault maps discovered:
D:1:      erik_arrival_cave_to_civilisation [erik_arrival_cave_to_hall],
          layout_basic
D:2:      layout_rooms

Skill      XL: |  1  2 |
---------------+-------+-----
Dodging        | 1 |  1.2
Fighting       | |  2.9
Long Blades    | |  2.6
Armour         | |  2.6
Shields        | |  2.9

Action                   || total
-------------------------++-------
Melee: Long sword        ||    54
       Bite              ||     9
Throw: Dart              ||    12
 Abil: Exsanguinate      ||     1
       Revivify          ||     1
Armor: Scale mail        ||    27
Dodge: Dodged            ||     8
Block: Kite shield       ||    27
       Rpst.: Long sword ||     1

Table legend: (Time is in decaauts)
 A = Elapsed time spent in this place.
 B = Non-inter-level travel time spent in this place.
 C = Inter-level travel time spent in this place.
 D = Time resting spent in this place.
 E = Time spent auto-exploring this place.
 F = Levels seen in this place.
 G = Mean time per level.
                   A        B        C        D        E       F      G
               +--------+--------+--------+--------+--------+-----+--------+
         Total |    995 |    981 |     14 |      0 |    810 |   2 |  497.5 |
       Dungeon |    995 |    981 |     14 |      0 |    810 |   2 |  497.5 |
               +--------+--------+--------+--------+--------+-----+--------+

Top non-repeatable levels by time:
     D:1: 884 daAuts
     D:2: 110 daAuts
